 Dungeon Crawl Stone Soup version 0.24-a0-417-g1cce26a4d2 (webtiles) character file.

Game seed: 14027458319468181064

131 Gumption the Poker (level 5, -2/41 HPs)
             Began as a Merfolk Gladiator on June 11, 2019.
             Was a Follower of Ashenzari.
             Killed from afar by a white imp (8 damage)
             ... with a puff of frost
             ... summoned by Natasha
             ... on level 3 of the Dungeon.
             The game lasted 00:11:06 (2355 turns).

Gumption the Poker (Merfolk Gladiator)              Turns: 2355, Time: 00:11:06

Health: -2/41      AC:  5    Str: 15    XL:     5   Next: 14%
Magic:  5/5        EV: 11    Int:  7    God:    Ashenzari [*.....]
Gold:   131        SH:  8    Dex: 18    Spells: 4/4 levels left

rFire    . . .     SeeInvis .   a - +0 trident
rCold    . . .     Gourm    .   p - +0 shield
rNeg     . . .     Faith    .   m - +0 scale mail
rPois    .         Spirit   .   o - -2 helmet (curse)
rElec    .         Reflect  .   (no cloak)
rCorr    .         Harm     .   (no gloves)
MR       .....                  (no boots)
Stlth    ..........             (no amulet)
HPRegen  0.13/turn              g - +2 ring of dexterity
MPRegen  0.09/turn              l - +2 ring of evasion

@: no status effects
A: change form in water, swift swim, stealthy swim
a: Curse Item, Scrying, Renounce Religion


You were on level 3 of the Dungeon.
You worshipped Ashenzari.
Ashenzari was aware of your devotion.
You were not hungry.

You visited 1 branch of the dungeon, and saw 3 of its levels.

You collected 131 gold pieces.

Inventory:

Hand Weapons
 a - a +0 trident (weapon)
Missiles
 b - 5 boomerangs (quivered)
 d - 3 throwing nets
 i - 10 stones
Armour
 c - a +0 helmet
 m - a +0 scale mail (worn)
 o - a cursed -2 helmet (worn)
 p - a +0 shield (worn)
 t - a +0 chain mail
 w - a +0 plate armour
Jewellery
 g - a +2 ring of dexterity (left hand)
 l - a +2 ring of evasion (right hand)
Scrolls
 f - 2 scrolls of identify {unknown}
 j - 2 scrolls of teleportation {unknown}
 k - a scroll of fog {unknown}
 n - a scroll of noise {unknown}
 r - a scroll of enchant weapon {unknown}
Potions
 h - a potion of heal wounds {unknown}
 q - a potion of mutation {unknown}
 s - a potion of flight {unknown}
 u - a potion of invisibility {unknown}
 v - a potion of curing {unknown}
Comestibles
 e - 6 rations


   Skills:
 + Level 3.1 Fighting
 * Level 5.9 Polearms
 - Level 2.0 Throwing
 + Level 1.1 Armour
 + Level 4.8 Dodging
 * Level 1.3 Shields


You had 4 spell levels left.
You didn't know any spells.
Your spell library was empty.

Dungeon Overview and Level Annotations

Branches:
Dungeon (3/15)

Altars:
Ashenzari
Yredelemnul

Annotations:
D:3 Natasha


Message History

You block the white imp's attack.
Natasha mumbles some strange words.
You closely miss Natasha.
Natasha is moderately wounded.
Natasha casts a spell at you. The magic dart hits you.
The white imp gestures at you. The puff of frost hits you.
* * * LOW HITPOINT WARNING * * *
You hit Natasha but do no damage.
Natasha is moderately wounded.
The white imp hits you but does no damage.
Natasha closely misses you.
You hit Natasha.
Natasha is heavily wounded.
Natasha claws you.
* * * LOW HITPOINT WARNING * * *
The white imp gestures at you. The puff of frost hits you!
You die...

#.# #.# ... #.# #. ...
#.#.#.# .. #.#.#.# .. ## #.##
#.#.#># .# .....# #.#.#.# .#
#.#..#
#.#.#.#######.####.#..# # #
#.#.......5@h5........# #.##
#.#....######.####....# #...
#.#.........#.# #....# ####
#รท#.#.#####.#.####....#####.
#.#.#.#... #....#..........
#.#.#.#.#####....#..#.......
#.#.#............#..#.......
#.#.#........#...#..#.....#.
#.#..........+............#.


You could see Natasha, a crimson imp and a white imp.

Vanquished Creatures
  Natasha (D:3)
  An orc wizard (D:3)
  An adder (D:2)
  A worm (D:3)
  2 dart slugs (D:1)
  4 leopard geckos
  3 orcs (D:3)
  2 ball pythons
  4 bats
  6 giant cockroaches
  7 goblins
  4 hobgoblins
  4 jackals (D:1)
  6 kobolds
  2 frilled lizards
  6 rats
  A spectral orc (D:2)
55 creatures vanquished.

Notes
Turn   | Place    | Note
-------+----------+-------------------------------------------
     0 | D:1      | Gumption the Merfolk Gladiator began the quest for the Orb.
     0 | D:1      | Reached XP level 1. HP: 16/16 MP: 1/1
   144 | D:1      | Reached XP level 2. HP: 9/23 MP: 2/2
   470 | D:1      | Reached skill level 5 in Polearms
   548 | D:1      | Reached XP level 3. HP: 27/28 MP: 3/3
  1140 | D:2      | Found a shattered altar of Ashenzari.
  1148 | D:2      | Became a worshipper of Ashenzari the Shackled
  1294 | D:2      | Reached XP level 4. HP: 34/34 MP: 4/4
  1470 | D:2      | Found a basalt altar of Yredelemnul.
  1505 | D:3      | Reached skill level 1 in Armour
  1518 | D:3      | Reached skill level 1 in Shields
  2068 | D:3      | Reached * piety under Ashenzari
  2186 | D:3      | Noticed Natasha
  2192 | D:3      | Killed Natasha
  2192 | D:3      | Reached XP level 5. HP: 25/41 MP: 5/5
  2339 | D:3      | Noticed Natasha
  2355 | D:3      | Killed from afar by a white imp

Levels and vault maps discovered:
D:1:      wheals_arrival_linesprint, layout_basic
D:2:      layout_rooms, yredelemnul_forgotten_temple_becter,
          evilmike_ruin_ashenzari
D:3:      layout_basic, nicolae_overflow_hidden_temple,
          chequers_ecumenical_altar_grove, st_stairs_14, uniq_natasha

Skill      XL: |  1  2  3  4 |
---------------+-------------+-----
Polearms       | 5 |  5.9
Fighting       | 3 |  3.1
Armour         | 1 |  1.1
Shields        | 1 |  1.3
Throwing       | |  2.0
Dodging        | |  4.8

Action                   |  1- 3 |  4- 6 || total
-------------------------+-------+-------++-------
Melee: Trident           |   103 |    45 ||   148
Throw: Boomerang         |    14 |    30 ||    44
  Eat: Chunk             |     1 |     4 ||     5
Armor: Leather armour    |    32 |       ||    32
       Scale mail        |     8 |    21 ||    29
Dodge: Dodged            |    75 |    19 ||    94
Block: Shield            |     2 |    17 ||    19

Table legend:
 A = Non-vault XP
 B = Vault XP
 C = Vault XP percentage of total XP
 D = Non-vault monster count
 E = Vault monster count
 F = Vault count percentage of total count
                 A         B        C        D         E       F
            +---------+---------+-------+---------+---------+-------
      Total |     147 |      41 |  21.8 |      51 |       4 |   7.3
            +---------+---------+-------+---------+---------+-------
        D:1 |      62 |       0 |   0.0 |      32 |       0 |   0.0
        D:2 |      26 |       1 |   3.7 |       8 |       1 |  11.1
        D:3 |      59 |      40 |  40.4 |      11 |       3 |  21.4
            +---------+---------+-------+---------+---------+-------
